 Dungeon Sprint DCSS version 0.30-a0-12-gd8047c6341 (webtiles) character file.

Game seed: 12484952525157222133

5570 mhtbhm the Ninja (level 10, -8/51 HPs)
             Began as a Spriggan Brigand on Aug 24, 2022.
             Was the Champion of Dithmenos.
             Mangled by a sixfirhy (9 damage)
             ... summoned by an orc high priest
             ... in the Dungeon (Sprint III: "The Ten Rune Challenge").
             The game lasted 00:05:29 (1489 turns).

mhtbhm the Ninja (Spriggan Brigand)                 Turns: 1489, Time: 00:05:31

Health: -8/51      AC:  5    Str: 11    XL:     10   Next: 44%
Magic:  18/18      EV: 20    Int: 12    God:    Dithmenos [******]
Gold:   69         SH:  0    Dex: 20    Spells: 9/9 levels left

rFire   . . .      SeeInvis +    a - +2 dagger
rCold   . . .      Faith    .    (no shield)
rNeg    . . .      Spirit   .    b - +2 robe {Will+}
rPois   .          Reflect  .    (helmet restricted)
rElec   .          Harm     .    c - +0 cloak
rCorr   .          Rampage  .    (gloves unavailable)
Will    ++...      NoTele   +    (boots unavailable) Stlth *********+
                                 (no amulet)
HPRegen 0.17/turn                (no ring)
MPRegen 0.16/turn                (no ring)

@: hasted, wreathed by umbra, very quick
A: very small, no large weapons, unfitting armour, see invisible, speed 3,
strong 1, wild magic 1
a: Renounce Religion, Shadow Step, Shadow Form


You were in the Dungeon.
You worshipped Dithmenos.
Dithmenos was exalted by your worship.
You visited 1 branch You collected 69 gold pieces.

Inventory:

Hand Weapons
 a - a +2 dagger (weapon)
Missiles
 d - 4 poisoned darts (quivered)
Armour
 b - a +2 robe of willpower (worn)
 c - a +0 cloak (worn)
Scrolls
 k - a scroll of blinking
 l - a scroll of torment
 m - a scroll of identify
Potions
 i - 2 potions of magic
 j - 2 potions of berserk rage
 n - a potion of invisibility
 o - 2 potions of flight
 p - 4 potions of mutation
 r - a potion of might
Miscellaneous
 s - a lightning rod (inert)


   Skills:
 + Level 5.3 Fighting
 + Level 9.6 Short Blades
 + Level 6.7 Throwing
 + Level 5.4 Dodging
 O Level 27 Stealth
 * Level 10.6 Invocations
 + Level 5.6 Evocations


You had 9 spell levels left.
You didn't know any spells.
Your spell library contained the following spells:

 Spells                   Type           Power      Damage    Failure   Level
 Conjure Flame            Conj/Fire      0%         6-21      77%         3
 Ignite Poison            Fire/Tmut/Pois 0%         N/A       77%         3
 Sticky Flame             Conj/Fire      0%         2d3       98%         4


Dungeon Overview and Level Annotations

Branches:
Dungeon (1/1)

Altars:
Cheibriados
Dithmenos
Elyvilon
Fedhas
Gozag
Hepliaklqana
Kikubaaqudgha
Makhleb
Nemelex Xobeh
Okawaru
Qazlal
Ru
Sif Muna
Trog
Uskayaw
Vehumet
Wu Jian
Xom
Yredelemnul
Zin
The Shining One
Jiyva
Lugonu

Shops:
D :


Innate Abilities, Weirdness & Mutations

You are very small and have problems with some larger weapons.
You are too small for most types of armour.
You have supernaturally acute eyesight. (SInv)
You cover ground extremely quickly. (Speed+++)
Your muscles are strong. (Str +4, Int/Dex -1)
Your spells are a little harder to cast, but a little more powerful.


Message History

Press: ? - help, Shift-Dir - straight line, f/p - orc high priest
Aim: an orc high priest, wielding a +0 short sword (black smoke, moderately wounded, poisoned, umbra, chance to affect: 51%)
The orc high priest's mind is blasted!!
The sixfirhy misses you. The sixfirhy hits you! The sixfirhy shocks you!
* * * LOW HITPOINT WARNING * * *
The orc high priest hits you with a +0 short sword.
* * * LOW HITPOINT WARNING * * *
Unknown command.
Unknown command.
Unknown command.
Aiming: Mindburst
Press: ? - help, Shift-Dir - straight line, f/p - orc high priest
Aim: an orc high priest, wielding a +0 short sword (black smoke, severely wounded, poisoned, umbra, chance to affect: 51%)
The orc high priest's mind is blasted!
The now-empty wand crumbles to dust.
The orc high priest misses you.
Unknown command.
Unknown command.
Unknown command.
You don't have any such object.
Evoke which item? (* to show all) (? for menu, Esc to quit)
Okay, then.
Unknown command.
Okay, then.
Okay, then.
Okay, then.
Press: ? - help, v - describe, . - travel, g - get item
Here: an orc high priest, wielding a +0 short sword (black smoke, severely wounded, poisoned, umbra)
Items here: a poisoned dart; a +0 whip; an orc corpse.
The floor, spattered with blood.
Unknown command.
You feel better.
The orc high priest hits you with a +0 short sword.
* * * LOW HITPOINT WARNING * * *
You feel yourself speed up. The sixfirhy hits you.
* * * LOW HITPOINT WARNING * * *
The sixfirhy shocks you!
* * * LOW HITPOINT WARNING * * *
You emit a cloud of dark smoke.
The sixfirhy misses you. The sixfirhy closely misses you.
The sixfirhy hits you!
You die...

.#############$$###
.#___#___#__#∩$#$o##$
.#)..#__)#._#o..o..oo
.###'#'###'##$ooooooo
.#..........#)o§ooo
.'.⌠........#)§#$#
.#...######'#)§§$#
.#.⌠.#__#...#§###################
.#...#__#...#§4o@#)#)#)....#.....
.#'###__#...##§#3§#.##.###.#^.^..
.#.))#__#...'##.#§#.##.#..##^....
.#___#__)...#.))#..#..##.['.^^...
▓▓▓▓▓▓▓▓▓▓▓▓▓▓▓▓▓▓▓▓▓▓▓▓▓▓#....^.
♣~~~........~~~...#^.^...
+♣≈≈≈≈≈≈≈≈≈≈≈≈♣♣P.'...^..
♣♣♣♣♣♣♣♣♣♣♣♣♣♣♣PP#..^...
♣♣♣##+####


You could see an orc high priest (poisoned), a sixfirhy (summoned) and a chaos
spawn (summoned).

Vanquished Creatures
  Erolcha (D)
  A deep elf pyromancer (D)
  An orc knight (D)
  2 wandering mushrooms (D)
  A queen bee (D)
  A shadow (D)
  2 redbacks (D)
  A spatial vortex (D)
  2 orc warriors (D)
  5 two-headed ogres (D)
  A necrophage (D)
  A scorpion (D)
  A water elemental (D)
  32 killer bees (D)
  A jelly (D)
  3 orc priests (D)
  A wizard (D)
  An orc wizard (D)
  A necromancer (D)
  3 humans (D)
  A kobold demonologist (D)
  10 orcs (D)
  An endoplasm (D)
  3 rats (D)
77 creatures vanquished.

Vanquished Creatures (others)
  A wandering mushroom (D)
1 creature vanquished.

Grand Total: 78 creatures vanquished

Notes
Turn   | Place    | Note
-------+----------+-------------------------------------------
     0 | D        | mhtbhm the Spriggan Brigand began the quest for the Orb.
     0 | D        | Reached XP level 1. HP: 10/10 MP: 2/2
    10 | D        | Reached skill level 6 in Stealth
    36 | D        | Reached skill level 7 in Stealth
    40 | D        | Noticed a scorpion
    43 | D        | Killed a scorpion
    44 | D        | Reached skill level 11 in Stealth
    44 | D        | Reached XP level 2. HP: 15/15 MP: 3/3
    44 | D        | Reached XP level 3. HP: 18/18 MP: 4/4
    49 | D        | Reached skill level 12 in Stealth
    49 | D        | Reached XP level 4. HP: 23/23 MP: 5/5
    72 | D        | Gained mutation: Your muscles are strong. (Str +4, Int/Dex
                  | -1) [potion of mutation]
    72 | D        | Gained mutation: Your spells are a little harder to cast,
                  | but a little more powerful. [potion of mutation]
    76 | D        | Noticed a water elemental
    78 | D        | Killed a water elemental
    79 | D        | Reached skill level 14 in Stealth
    93 | D        | Found a shadowy altar of Dithmenos.
    93 | D        | Noticed a necrophage
    94 | D        | Found a basalt altar of Yredelemnul.
    94 | D        | Found a sacrificial altar of Ru.
    96 | D        | Reached XP level 5. HP: 27/27 MP: 6/6
    97 | D        | Reached skill level 16 in Stealth
   100 | D        | Became a worshipper of Dithmenos the Shadowed
   114 | D        | Found a radiant altar of Vehumet.
   115 | D        | Found a shimmering blue altar of Sif Muna.
   115 | D        | Found an ancient bone altar of Kikubaaqudgha.
   117 | D        | Reached skill level 1 in Invocations
   119 | D        | Reached skill level 17 in Stealth
   131 | D        | Found a glowing silver altar of Zin.
   132 | D        | Found a glowing golden altar of the Shining One.
   132 | D        | Found a white marble altar of Elyvilon.
   132 | D        | Noticed a deep elf pyromancer
   134 | D        | Killed a deep elf pyromancer
   134 | D        | Reached * piety under Dithmenos
   135 | D        | Reached skill level 5 in Short Blades
   135 | D        | Reached skill level 20 in Stealth
   135 | D        | Reached XP level 6. HP: 32/32 MP: 7/10
   135 | D        | Reached XP level 7. HP: 36/36 MP: 7/11
   172 | D        | Found a hide-covered altar of Uskayaw.
   172 | D        | Found an iron altar of Okawaru.
   173 | D        | Found a bloodstained altar of Trog.
   173 | D        | Found an ornate altar of the Wu Jian Council.
   173 | D        | Noticed a human
   173 | D        | Noticed a human
   175 | D        | Killed a human
   176 | D        | Reached skill level 21 in Stealth
   176 | D        | Reached skill level 5 in Invocations
   176 | D        | Killed a human
   194 | D        | Noticed a shadow
   196 | D        | Killed a shadow
   196 | D        | Reached ** piety under Dithmenos
   197 | D        | Reached skill level 22 in Stealth
   197 | D        | Reached XP level 8. HP: 41/41 MP: 13/13
   202 | D        | Found a blossoming altar of Fedhas.
   202 | D        | Found a stormy altar of Qazlal.
   203 | D        | Found a snail-covered altar of Cheibriados.
   203 | D        | Found a burning altar of Makhleb.
   203 | D        | Found a hazy altar of Hepliaklqana.
   203 | D        | Found a shimmering altar of Xom.
   203 | D        | Found an opulent altar of Gozag.
   203 | D        | Found a sparkling altar of Nemelex Xobeh.
   203 | D        | Found a corrupted altar of Lugonu.
   203 | D        | Found a viscous altar of Jiyva.
   205 | D        | Reached skill level 23 in Stealth
   227 | D        | Reached *** piety under Dithmenos
   239 | D        | Noticed a two-headed ogre
   242 | D        | Killed a two-headed ogre
   243 | D        | Reached skill level 24 in Stealth
   248 | D        | Noticed a two-headed ogre
   248 | D        | Noticed Erolcha
   250 | D        | Killed Erolcha
   251 | D        | Reached skill level 25 in Stealth
   251 | D        | Reached XP level 9. HP: 45/45 MP: 15/15
   276 | D        | Killed a two-headed ogre
   276 | D        | Reached **** piety under Dithmenos
   277 | D        | Reached skill level 26 in Stealth
   317 | D        | Reached skill level 1 in Evocations
   322 | D        | Noticed a wandering mushroom
   326 | D        | Noticed a wandering mushroom
   328 | D        | Noticed a wandering mushroom
   329 | D        | Killed a wandering mushroom
   330 | D        | Reached skill level 27 in Stealth
   362 | D        | Reached ***** piety under Dithmenos
  1093 | D        | Noticed a queen bee
  1097 | D        | Reached skill level 5 in Throwing
  1097 | D        | Reached ****** piety under Dithmenos
  1099 | D        | Reached XP level 10. HP: 25/51 MP: 16/18
  1103 | D        | Reached skill level 5 in Fighting
  1103 | D        | Reached skill level 10 in Invocations
  1348 | D        | Found Anoj's Book Shoppe.
  1349 | D        | Noticed an orc knight
  1350 | D        | Noticed an orc high priest
  1384 | D        | Killed an orc knight
  1385 | D        | Reached skill level 5 in Dodging
  1385 | D        | Reached skill level 5 in Evocations
  1486 | D        | Noticed a sixfirhy
  1489 | D        | HP: 1/51 [sixfirhy[an orc high priest] (11)]
  1489 | D        | Mangled by a sixfirhy

Illustrated notes

Levels and vault maps discovered:
D:        dungeon_sprint_mu [sprint_mu_entry_cave, sprint_mu_temple_rooms,
          sprint_mu_d1_spiders, sprint_mu_d2_genie, sprint_mu_d3_branching,
          sprint_mu_orc_legion, sprint_mu_elf_gauntlet, sprint_mu_hive_nellie,
          sprint_mu_lair_fedhas, sprint_mu_vaults_butterflies,
          sprint_mu_slime_circle, sprint_mu_swamp_cave, sprint_mu_shoals_kraken,
          sprint_mu_blade_basic, sprint_mu_crypt_lich, sprint_mu_tomb_spiral,
          sprint_mu_vestibule_basic, sprint_mu_gehenna_hellfire,
          sprint_mu_dis_giant, sprint_mu_tartarus_statrot,
          sprint_mu_cocytus_islands, sprint_mu_zot1]

Skill      XL: |  1  2  3  4  5  6  7  8  9 10 |
---------------+-------------------------------+-----
Stealth        | 11 12 14 20 22 25 27 | 27.0
Fighting       | 2 3 4 5 |  5.3
Short Blades   | 3 4 5 6 7 8 9 |  9.6
Throwing       | 3 4 5 6 |  6.7
Invocations    | 4 6 7 9 10 | 10.6
Evocations     | 3 5 |  5.6
Dodging        | 3 5 |  5.4

Action                   |  1- 3 |  4- 6 |  7- 9 | 10-12 || total
-------------------------+-------+-------+-------+-------++-------
Melee: Dagger            |     6 |     6 |    58 |    28 ||    98
       Punch             |       |       |     2 |       ||     2
Throw: Dart              |       |       |    13 |    12 ||    25
Evoke: Lightning rod     |       |       |     5 |    12 ||    17
       Wand              |       |       |     4 |     5 ||     9
  Use: Potion            |       |     1 |       |     4 ||     5
       Scroll            |       |       |       |     2 ||     2
 Stab: Sleeping          |     6 |     6 |    13 |       ||    25
       Distracted        |       |       |       |     1 ||     1
Armor: Robe              |       |       |     1 |     3 ||     4
Dodge: Dodged            |       |       |    35 |    18 ||    53

Table legend: (Time is in decaauts)
 A = Elapsed time spent in this place.
 B = Non-inter-level travel time spent in this place.
 C = Inter-level travel time spent in this place.
 D = Time resting spent in this place.
 E = Time spent auto-exploring this place.
 F = Levels seen in this place.
 G = Mean time per level.
                   A        B        C        D        E       F      G
               +--------+--------+--------+--------+--------+-----+--------+
         Total |   1315 |   1315 |      0 |    926 |     12 |   1 | 1315.0 |
       Dungeon |   1315 |   1315 |      0 |    926 |     12 |   1 | 1315.0 |
               +--------+--------+--------+--------+--------+-----+--------+

Top non-repeatable levels by time:
       D: 1315 daAuts
